AoeStats
← 沒起房子我日

Nomad

507937988Analyzed
4v4 RM · 12d ago on Sep 20, 2026· 29m 53s· 8 players
Game mode
Random Map
Map size
231×231
Population
200
Speed
Normal
Resources
Standard
Victory
Conquest
Starting age
Dark Age
Ending age
Imperial Age
RankedLock teamsTeams togetherTeam positionsShared explorationLock speedFull tech treeHidden civsTurbo modeCheats
Victory
Defeat
🇻🇳 Persians · Vietnam
1453
+16
🇦🇷 Koreans · Argentina
1447
+16
🇻🇳 Malians · Vietnam
1440
+17
🇯🇵 Vikings · Japan
1409
+18
🇨🇿 Wei · Czechia
1518
-20
🇹🇼 Mapuche · Taiwan
1443
-16
🇩🇪 Vietnamese · Germany
1441
-16
🇨🇿 Goths · Czechia
1404
-15
Moerbsle
5:10 Loom
13:43 Feudal Age
14:51 Double-Bit Axe
14:58 Gold Mining
17:15 Fletching
23:39 Castle Age
26:38 Bodkin Arrow
KEFÍRER
4:03 Loom
12:33 Feudal Age
13:05 Double-Bit Axe
13:55 Horse Collar
15:21 Fishing Lines
20:56 Castle Age
19:24 Fletching
21:51 Wheelbarrow
21:59 Bow Saw
22:14 Medium Warships
22:07 Bodkin Arrow
23:07 Gillnets
27:29 Hand Cart
沒起房子我日
12:36 Loom
14:54 Feudal Age
15:34 Town Watch
18:40 Castle Age
17:00 Double-Bit Axe
16:57 Fishing Lines
20:08 Bow Saw
19:51 Gillnets
21:00 Horse Collar
23:43 Gold Mining
29:29 Stone Mining
29:41 Heavy Plow
30:17 Forging
INghost
6:17 Loom
13:23 Feudal Age
15:32 Wheelbarrow
16:10 Double-Bit Axe
20:20 Castle Age
22:07 Hand Cart
22:09 Bow Saw
22:27 Horse Collar
26:20 Gold Mining
26:20 Stone Mining
27:30 Scale Mail Armor
28:45 Forging
28:50 Chain Mail Armor
bina
4:55 Loom
12:00 Feudal Age
12:27 Double-Bit Axe
14:28 Scale Barding Armor
16:49 Horse Collar
17:47 Forging
21:46 Castle Age
20:26 Bloodlines
20:43 Gold Mining
22:23 Husbandry
21:44 Light Cavalry
23:57 Chain Barding Armor
24:12 Bow Saw
29:36 Iron Casting
30:42 Wheelbarrow
都挺好
4:09 Loom
13:03 Feudal Age
17:56 Castle Age
16:22 Double-Bit Axe
18:14 Fletching
18:26 Gold Mining
19:59 Fishing Lines
20:30 Bodkin Arrow
20:28 Horse Collar
24:05 Medium Warships
25:53 Wheelbarrow
28:01 Town Watch
NPChinh
12:50 Loom
15:21 Feudal Age
16:08 Double-Bit Axe
16:15 Gold Mining
16:13 Fishing Lines
16:15 Man-at-Arms
17:17 Man-at-Arms
17:44 Arson
18:43 Forging
18:34 Scale Mail Armor
19:58 Wheelbarrow
22:43 Castle Age
22:00 Horse Collar
22:47 Long Swordsman
23:27 Squires
24:01 Chain Mail Armor
24:21 Iron Casting
24:47 Hand Cart
24:37 Heavy Plow
24:41 Stone Mining
25:22 Gillnets
26:11 Stone Shaft Mining
27:19 Fletching
27:57 Husbandry
28:07 Bloodlines
28:13 Scale Barding Armor
PeterWong1988
11:50 Loom
14:58 Feudal Age
17:16 Fishing Lines
22:10 Castle Age
20:06 Fletching
21:07 Gold Mining
23:25 Bodkin Arrow
30:28 Ballistics
30:19 Careening
30:19 Clinker Construction
Connection lost

Rejoining the realm…

Still unreachable

The connection could not be restored.

Session expired

The server has moved on; the page needs a fresh start.